 Dungeon Crawl Stone Soup version 0.28.0-43-g3370ac3207 (webtiles) character file.

Game seed: 4863319468163115737

12330 Pemander the Protected (level 11, -19/75 HPs)
             Began as a Gnoll Wanderer on Mar 21, 2022.
             Was a Follower of Hepliaklqana.
             Hit by a large rock thrown by a cyclops (30 damage)
             ... on level 11 of the Dungeon.
             The game lasted 00:21:04 (12555 turns).

Pemander the Protected (Gnoll Wanderer)            Turns: 12555, Time: 00:21:05

Health: -19/75     AC: 17    Str: 24    XL:     11   Next: 91%
Magic:  22/22      EV: 13    Int: 11    God:    Hepliaklqana [*.....]
Gold:   170        SH:  0    Dex: 10    Spells: 20/24 levels left

rFire   . . .      SeeInvis .   V - +6 rapier (elec)
rCold   . . .      Faith    .   (no shield)
rNeg    . . .      Spirit   .   T - +1 troll leather armour
rPois   +          Reflect  .   (no helmet)
rElec   .          Harm     .   K - +2 cloak
rCorr   .          Rampage  .   L - +2 pair of gloves
Will    .....                   I - +2 pair of boots
Stlth   +++.......              z - amulet of regeneration
HPRegen 1.82/turn               j - +6 ring of strength
MPRegen 0.18/turn               D - ring of poison resistance

@: no status effects
A: reduced essence, fangs 1, strong nose, distributed training
a: Renounce Religion, Recall Ancestor, Ancestor Identity


You were on level 11 of the Dungeon.
You worshipped Hepliaklqana.
Hepliaklqana was aware of your devotion.
You visited 2 branches of the dungeon, and saw 12 of its levels.

You collected 554 gold pieces.
You spent 384 gold pieces at shops.

Inventory:

Hand Weapons
 y - the +5 quarterstaff of Plog {venom, rPois Int+4}
   (You found it on level 4 of the Dungeon)

   It poisons the flesh of those it strikes.
   Int:       It affects your intelligence (+4).
   rPois:     It protects you from poison.
 V - a +6 rapier of electrocution (weapon)
Armour
 b - a +0 scale mail
 I - a +2 pair of boots (worn)
 K - a +2 cloak (worn)
 L - a +2 pair of gloves (worn)
 S - a +2 robe of the Archmagi
 T - a +1 troll leather armour (worn)
Magical Staves
 x - a staff of death
 N - a staff of poison
Jewellery
 j - a +6 ring of strength (left hand)
 z - an amulet of regeneration (around neck)
 D - a ring of poison resistance (right hand)
 P - the ring of Innon {rC+ rN+}
   (You found it on level 9 of the Dungeon)

   [ring of protection from cold]

   rC:        It protects you from cold.
   rN:        It protects you from negative energy.
 U - a ring of flight
Wands
 s - a wand of flame (22)
 F - a wand of iceblast (13)
 Q - a wand of digging (5)
Scrolls
 a - a scroll of silence {unknown}
 e - a scroll of acquirement {unknown}
 f - 4 scrolls of teleportation
 g - a scroll of fear
 p - 2 scrolls of fog
 w - a scroll of vulnerability {unknown}
 A - a scroll of holy word {unknown}
 C - a scroll of immolation
 E - 2 scrolls of magic mapping
 H - a scroll of blinking
 J - 2 scrolls of brand weapon {unknown}
 O - a scroll of identify
 R - a scroll of amnesia {unknown}
Potions
 c - 2 potions of attraction
 d - a potion of heal wounds
 h - 2 potions of invisibility
 i - a potion of brilliance {unknown}
 k - a potion of magic {unknown}
 l - 3 potions of degeneration {unknown}
 m - 2 potions of lignification {unknown}
 o - 2 potions of haste
 q - 2 potions of mutation
 r - 3 potions of curing
 t - a potion of cancellation
 u - 8 potions of ambrosia
 v - 4 potions of might
 G - a potion of flight {unknown}
 M - a potion of berserk rage {unknown}


   Skills:
 + Level 7.3 Fighting
 + Level 6.7 Short Blades
 + Level 6.7 Long Blades
 + Level 7.3 Axes
 + Level 6.7 Maces & Flails
 + Level 6.7 Polearms
 + Level 6.7 Staves
 + Level 6.7 Slings
 + Level 6.7 Bows
 + Level 6.7 Crossbows
 + Level 6.7 Throwing
 + Level 9.5 Armour
 + Level 6.7 Dodging
 + Level 6.7 Stealth
 + Level 6.7 Shields
 + Level 6.7 Unarmed Combat
 + Level 7.3 Spellcasting
 + Level 5.6 Conjurations
 + Level 9.1 Hexes
 + Level 5.6 Summonings
 + Level 5.6 Necromancy
 + Level 5.6 Translocations
 + Level 5.6 Transmutations
 + Level 5.6 Fire Magic
 + Level 5.6 Ice Magic
 + Level 5.6 Air Magic
 + Level 5.6 Earth Magic
 + Level 5.6 Poison Magic
 + Level 7.4 Invocations
 + Level 6.7 Evocations


You had 20 spell levels left.
You knew the following spells:

 Your Spells              Type           Power      Damage    Failure   Level
a - Slow                  Hex            96%        N/A       1%          1
b - Tukima's Dance        Hex            24%        N/A       1%          3

Your spell library contained the following spells:

 Spells                   Type           Power      Damage    Failure   Level
 Confusing Touch          Hex            24%        N/A       1%          3
 Portal Projectile        Hex/Tloc       40%        N/A       2%          3
 Call Canine Familiar     Summ           16%        N/A       5%          3
 Vampiric Draining        Necr           16%        2d7       5%          3
 Anguish                  Hex/Necr       10%        N/A       9%          4
 Fulminant Prism          Conj/Hex       10%        3d9       9%          4
 Leda's Liquefaction      Hex/Erth       10%        N/A       9%          4
 Enfeeble                 Hex            12%        N/A       98%         7


Dungeon Overview and Level Annotations

Branches:
Dungeon (11/15)            Temple (1/1) D:7            Lair (0/6) D:10
    Orc (0/2) D:11

Altars:
Ashenzari
Cheibriados
Dithmenos
Elyvilon
Fedhas
Gozag
Hepliaklqana
Kikubaaqudgha
Makhleb
Nemelex Xobeh
Okawaru
Qazlal
Ru
Sif Muna
Trog
Uskayaw
Vehumet
Wu Jian
Xom
Yredelemnul
Zin
The Shining One

Shops:
D:10 (   D:11 [

Annotations:
D:9 3 runed translucent doors, crimpus's ghost, novice GrBe; terff's ghost, journeyman OpBr


Innate Abilities, Weirdness & Mutations

Your life essence is reduced to manifest your ancestor. (-10% HP)
You have very sharp teeth.
Your uncanny sense of smell can sniff out nearby items.
Your experience applies equally to all skills.


Message History

The orc warrior hits you from afar with a +0 halberd!
You hit the orc knight but do no damage.
The orc knight is lightly wounded.
The orc warrior no longer looks unusually strong.
The orc knight barely misses you.
The orc warrior hits you from afar with a +0 halberd.
You hit the orc knight.
Lightning courses through the orc knight!!
The orc knight is heavily wounded.
The orc warrior misses you. The orc knight barely misses you.
You hit the orc knight.
The orc knight is heavily wounded.
The orc warrior barely misses you.
You puncture the orc knight!
Lightning courses through the orc knight!
The orc knight is almost dead.
The orc no longer looks unusually strong.
The orc warrior closely misses you.
You closely miss the orc knight.
You bite the orc knight, but do no damage.
The orc knight is almost dead.
You hit the orc knight.
The orc knight is almost dead.
The orc warrior hits you from afar with a +0 halberd.
The orc knight roars a battlecry!
The orc warrior goes into a battle-frenzy!
You barely miss the orc knight.
The orc knight is almost dead.
The orc warrior barely misses you.
The orc warrior hits you from afar with a +0 halberd!
The orc knight closely misses you.
You puncture the orc knight!
You kill the orc knight!
The orc warrior hits you from afar with a +0 halberd!!
A cyclops comes into view.
The cyclops shouts!
The orc warrior hits you with a +4 flail!
* * * LOW HITPOINT WARNING * * *
The cyclops throws a large rock.
The large rock hits you!!
You die...

#.........$....#
...$....$......#
......))o......# #
#.o#..... .#
##.o#.... .# #...#...
C.## #...##'####...#
#.....oo......#
###+##..#####o@....#
........# #......#
........# #......#
........# #......#
........#####.......#
.................####
.................#
##########.......#
#.......#


You could see a cyclops, 2 orc warriors and an orc (strong).

Vanquished Creatures
  Harold (D:7)
  A two-headed ogre (D:8)
  An orc knight (D:11)
  An elephant (D:10)
  A troll (D:10)
  A queen bee (D:10)
  Grinder (D:4)
  A slime creature (D:9)
  Sigmund (D:4)
  A wyvern (D:7)
  Eustachio (D:6)
  A basilisk (D:10)
  13 yaks
  Grum (D:8)
  A steam dragon (D:7)
  Menkaure (D:4)
  Edmund (D:6)
  A water moccasin (D:7)
  3 orc warriors
  A sky beast (D:7)
  3 black bears
  A necrophage (D:7)
  2 wolves (D:8)
  2 centaurs (D:9)
  2 phantoms
  3 kobold brigands
  3 bullfrogs
  A scorpion (D:6)
  A gnoll sergeant (D:10)
  32 killer bees
  3 howler monkeys
  3 centaur zombies
  2 centaur skeletons
  3 hounds
  4 orc priests
  2 jellies
  Crazy Yiuf (D:6)
  4 iguanas
  7 orc wizards
  A killer bee zombie (D:7)
  A howler monkey zombie (D:8)
  4 gnolls (D:10)
  11 adders
  A shadow imp (D:5)
  2 white imps
  An ufetubus (D:7)
  A worm (D:2)
  4 dart slugs
  26 orcs
  4 bats
  10 endoplasms
  6 giant cockroaches
  12 goblins
  4 hobgoblins
  4 quokkas
  9 ball pythons
  2 frilled lizards (D:2)
  18 kobolds
  4 rats
238 creatures vanquished.

Vanquished Creatures (collateral kills)
  A two-headed ogre (D:9)
  A troll (D:10)
  A wraith (D:10)
  4 yaks
  2 killer bees (D:10)
  2 orcs (D:10)
11 creatures vanquished.

Vanquished Creatures (others)
  3 ancestors
  2 plants (D:10)
5 creatures vanquished.

Grand Total: 254 creatures vanquished

Notes
Turn   | Place    | Note
-------+----------+-------------------------------------------
     0 | D:1      | Pemander the Gnoll Wanderer began the quest for the Orb.
     0 | D:1      | Pemander set off with the following items: a +0 hand axe, a
                  | +0 scale mail; and the following spell memorised: Slow; and
                  | the following spells available to memorise: Anguish,
                  | Fulminant Prism
     0 | D:1      | Reached XP level 1. HP: 17/17 MP: 4/4
   288 | D:1      | Reached XP level 2. HP: 18/23 MP: 5/5
  1156 | D:2      | Reached XP level 3. HP: 13/28 MP: 7/7
  1161 | D:2      | Reached skill level 1 in Invocations
  1513 | D:2      | Found a faded altar of an unknown god.
  1851 | D:2      | Reached skill level 1 in Short Blades
  1851 | D:2      | Reached skill level 1 in Long Blades
  1851 | D:2      | Reached skill level 1 in Maces & Flails
  1851 | D:2      | Reached skill level 1 in Polearms
  1851 | D:2      | Reached skill level 1 in Staves
  1851 | D:2      | Reached skill level 1 in Slings
  1851 | D:2      | Reached skill level 1 in Bows
  1851 | D:2      | Reached skill level 1 in Crossbows
  1851 | D:2      | Reached skill level 1 in Throwing
  1851 | D:2      | Reached skill level 1 in Dodging
  1851 | D:2      | Reached skill level 1 in Stealth
  1851 | D:2      | Reached skill level 1 in Shields
  1851 | D:2      | Reached skill level 1 in Unarmed Combat
  1851 | D:2      | Reached skill level 1 in Evocations
  1851 | D:2      | Reached XP level 4. HP: 18/34 MP: 8/8
  2766 | D:2      | Reached skill level 1 in Conjurations
  2766 | D:2      | Reached skill level 1 in Summonings
  2766 | D:2      | Reached skill level 1 in Necromancy
  2766 | D:2      | Reached skill level 1 in Translocations
  2766 | D:2      | Reached skill level 1 in Transmutations
  2766 | D:2      | Reached skill level 1 in Fire Magic
  2766 | D:2      | Reached skill level 1 in Ice Magic
  2766 | D:2      | Reached skill level 1 in Air Magic
  2766 | D:2      | Reached skill level 1 in Earth Magic
  2766 | D:2      | Reached skill level 1 in Poison Magic
  3225 | D:3      | Reached XP level 5. HP: 39/40 MP: 9/9
  3565 | D:3      | Learned a level 3 spell: Tukima's Dance
  3895 | D:3      | Found a glowing golden altar of the Shining One.
  4218 | D:4      | Noticed Grinder
  4219 | D:4      | Noticed Sigmund
  4222 | D:4      | Paralysed by Grinder for 6 turns
  4625 | D:4      | Noticed Menkaure
  4633 | D:4      | Killed Menkaure
  4634 | D:4      | Reached XP level 6. HP: 47/47 MP: 8/11
  4638 | D:4      | Identified the +5 quarterstaff of Plog {venom, rPois Int+4}
  4775 | D:4      | Noticed a black bear
  4783 | D:4      | Killed Sigmund
  4784 | D:4      | Reached XP level 7. HP: 51/52 MP: 7/12
  5079 | D:4      | Killed Grinder
  5226 | D:4      | Reached XP level 8. HP: 38/60 MP: 12/14
  5715 | D:5      | Entered Level 5 of the Dungeon
  7254 | D:6      | Found a runed translucent door.
  7255 | D:6      | Noticed Crazy Yiuf
  7344 | D:6      | Noticed Eustachio
  7353 | D:6      | Killed Eustachio
  7359 | D:6      | Noticed Edmund
  7372 | D:6      | Killed Edmund
  7373 | D:6      | Reached XP level 9. HP: 59/66 MP: 16/16
  7962 | D:6      | Killed Crazy Yiuf
  8204 | D:7      | Reached skill level 5 in Spellcasting
  8402 | D:7      | Reached skill level 5 in Fighting
  8402 | D:7      | Reached skill level 5 in Axes
  8588 | D:7      | Noticed Harold
  8608 | D:7      | Killed Harold
  8609 | D:7      | Reached skill level 5 in Invocations
  9119 | D:7      | Found a staircase to the Ecumenical Temple.
  9248 | Temple   | Entered the Ecumenical Temple
  9327 | Temple   | Became a worshipper of Hepliaklqana the Forgotten
  9678 | D:8      | Reached XP level 10. HP: 74/74 MP: 16/18
  9766 | D:8      | Noticed Grum
  9774 | D:8      | Reached skill level 5 in Short Blades
  9774 | D:8      | Reached skill level 5 in Long Blades
  9774 | D:8      | Reached skill level 5 in Maces & Flails
  9774 | D:8      | Reached skill level 5 in Polearms
  9774 | D:8      | Reached skill level 5 in Staves
  9774 | D:8      | Reached skill level 5 in Slings
  9774 | D:8      | Reached skill level 5 in Bows
  9774 | D:8      | Reached skill level 5 in Crossbows
  9774 | D:8      | Reached skill level 5 in Throwing
  9774 | D:8      | Reached skill level 5 in Dodging
  9774 | D:8      | Reached skill level 5 in Stealth
  9774 | D:8      | Reached skill level 5 in Shields
  9774 | D:8      | Reached skill level 5 in Unarmed Combat
  9774 | D:8      | Reached skill level 5 in Evocations
  9783 | D:8      | Killed Grum
 10056 | D:8      | Noticed a two-headed ogre
 10077 | D:8      | Killed a two-headed ogre
 10767 | D:9      | Found a runed translucent gate.
 10767 | D:9      | Found a runed translucent gate.
 10831 | D:9      | Noticed a two-headed ogre
 10837 | D:9      | Reached * piety under Hepliaklqana
 10858 | D:9      | Killed a two-headed ogre
 10859 | D:9      | Reached XP level 11. HP: 28/74 MP: 17/20
 11008 | D:9      | Reached skill level 5 in Conjurations
 11008 | D:9      | Reached skill level 5 in Summonings
 11008 | D:9      | Reached skill level 5 in Necromancy
 11008 | D:9      | Reached skill level 5 in Translocations
 11008 | D:9      | Reached skill level 5 in Transmutations
 11008 | D:9      | Reached skill level 5 in Fire Magic
 11008 | D:9      | Reached skill level 5 in Ice Magic
 11008 | D:9      | Reached skill level 5 in Air Magic
 11008 | D:9      | Reached skill level 5 in Earth Magic
 11008 | D:9      | Reached skill level 5 in Poison Magic
 11111 | D:9      | Found a runed translucent gate.
 11112 | D:9      | Noticed terff's ghost (journeyman OpBr)
 11112 | D:9      | Noticed crimpus's ghost (novice GrBe)
 11172 | D:9      | Identified the ring of Innon {rC+ rN+}
 11358 | D:10     | Entered Level 10 of the Dungeon
 11358 | D:10     | Found Nunack's Weapon Shop.
 12177 | D:10     | Found a staircase to the Lair.
 12245 | D:10     | Bought a +4 rapier of electrocution for 384 gold pieces
 12526 | D:11     | Found Perph's Armour Emporium.
 12526 | D:11     | Found a staircase to the Orcish Mines.
 12528 | D:11     | Noticed an orc knight
 12554 | D:11     | Killed an orc knight
 12555 | D:11     | Noticed a cyclops
 12555 | D:11     | Hit by a large rock thrown by a cyclops

Illustrated notes

Levels and vault maps discovered:
D:1:      saegor_arrival_simple_a, layout_loops_cross
D:2:      minmay_thinvault, layout_rooms, serial_rivers,
          chequers_serial_rivers_large_b, chequers_serial_rivers_micro_a,
          chequers_serial_rivers_small_3, chequers_serial_rivers_room_a,
          chequers_ecumenical_altar_simple_redux, minmay_circled_x
D:3:      layout_basic, tso_oasis_becter
D:4:      layout_layer_cave, uniq_grinder, uniq_sigmund, uniq_menkaure
D:5:      layout_cave_pools
D:6:      layout_basic, uniq_crazy_yiuf_cottage, uniq_eustachio, uniq_edmund
D:7:      layout_layer_cave, minmay_temple_entry_fiery,
          minmay_misc_feat_nine_boxes, uniq_harold
D:8:      layout_basic, uniq_grum
D:9:      layout_rooms, gammafunk_ghost_cemetery, lightli_fourway_metalbox
D:10:     layout_roguey [special_room_bee], david_lair_generic, serial_shops,
          shop
D:11:     minmay_skewed_foursquare, layout_irregular_city, orc_david_3,
          minmay_misc_feat_tiny
Temple:   grunt_wide_crystal_templ

Skill      XL: |  1  2  3  4  5  6  7  8  9 10 11 |
---------------+----------------------------------+-----
Invocations    | 1 2 3 4 5 6 7 |  7.4
Short Blades   | 1 2 3 4 5 6 |  6.7
Long Blades    | 1 2 3 4 5 6 |  6.7
Maces & Flails | 1 2 3 4 5 6 |  6.7
Polearms       | 1 2 3 4 5 6 |  6.7
Staves         | 1 2 3 4 5 6 |  6.7
Slings         | 1 2 3 4 5 6 |  6.7
Bows           | 1 2 3 4 5 6 |  6.7
Crossbows      | 1 2 3 4 5 6 |  6.7
Throwing       | 1 2 3 4 5 6 |  6.7
Dodging        | 1 2 3 4 5 6 |  6.7
Stealth        | 1 2 3 4 5 6 |  6.7
Shields        | 1 2 3 4 5 6 |  6.7
Unarmed Combat | 1 2 3 4 5 6 |  6.7
Evocations     | 1 2 3 4 5 6 |  6.7
Spellcasting   | 3 4 5 6 7 |  7.3
Conjurations   | 1 2 3 4 5 |  5.6
Summonings     | 1 2 3 4 5 |  5.6
Necromancy     | 1 2 3 4 5 |  5.6
Translocations | 1 2 3 4 5 |  5.6
Transmutations | 1 2 3 4 5 |  5.6
Fire Magic     | 1 2 3 4 5 |  5.6
Ice Magic      | 1 2 3 4 5 |  5.6
Air Magic      | 1 2 3 4 5 |  5.6
Earth Magic    | 1 2 3 4 5 |  5.6
Poison Magic   | 1 2 3 4 5 |  5.6
Fighting       | 3 4 5 6 7 |  7.3
Axes           | 3 4 5 6 7 |  7.3
Armour         | 7 8 9 |  9.5
Hexes          | 8 9 |  9.1

Action                   |  1- 3 |  4- 6 |  7- 9 | 10-12 || total
-------------------------+-------+-------+-------+-------++-------
Melee: Hand axe          |   146 |   136 |       |       ||   282
       Bite              |    13 |     4 |    28 |    51 ||    96
       Punch             |     1 |     1 |       |       ||     2
       Quarterstaff      |       |     3 |   213 |   380 ||   596
       Rapier            |       |       |       |    17 ||    17
 Cast: Slow              |       |     4 |    35 |    53 ||    92
       Tukima's Dance    |       |     1 |       |       ||     1
  Use: Scroll            |       |     4 |     3 |    13 ||    20
       Potion            |       |       |       |     1 ||     1
 Stab: Distracted        |       |       |       |     1 ||     1
Armor: Scale mail        |    75 |    63 |    87 |   173 ||   398
       Troll leather arm |       |       |       |    60 ||    60
Dodge: Dodged            |    90 |    66 |   108 |   385 ||   649
